NWL (28 & UNDER)
MOOSE JAW GHOSTBUSTERS @ SAN DIEGO SMASHERS
08/18/2027
 
TOP OF THE 1ST
Moose Jaw Ghostbusters batting - Pitching for San Diego Smashers : RHP Carlos Trujillo
Pitching: RHP Carlos Trujillo
Batting: RHB Don Turner 0-0: Foul Ball, location: 2F
0-1: Swinging Strike
0-2: Ground out 5-3 (Groundball, 56)
Batting: LHB Dave Stewart 0-0: Ball
1-0: Ball
2-0: Fly out, F9 (Flyball, 9S)
Batting: RHB John Major 0-0: Called Strike
0-1: Ball
1-1: Called Strike
1-2: Ball
2-2: Ball
3-2: DOUBLE (Line Drive, 9LD)
Batting: RHB Don Hooper 0-0: Called Strike
0-1: Foul Ball, location: 2F
0-2: Ground out 1-3 (Groundball, 15S)
Top of the 1st over - 0 run(s), 1 hit(s), 0 error(s), 1 left on base; Moose Jaw 0 - San Diego 0
BOTTOM OF THE 1ST
San Diego Smashers batting - Pitching for Moose Jaw Ghostbusters : RHP Máximo Marín
Pitching: RHP Máximo Marín
Batting: LHB Michael Myers 0-0: Foul Ball, location: 2F
0-1: Called Strike
0-2: Ball
1-2: Ball
2-2: Ball
3-2: Base on Balls
Batting: LHB Jaime Icaza 0-0: Foul Ball, location: 2F
0-1: Foul Ball, location: 2F
0-2: Ball
1-2: Strikes out looking
Batting: RHB Ricardo Guzmán 0-0: Called Strike
0-1: Called Strike
0-2: Ball
1-2: Foul Ball, location: 2F
1-2: Ball
2-2: Ball
3-2: Foul Ball, location: 2F
3-2: Base on Balls
Michael Myers to second
Batting: LHB Ken Phillips 0-0: Ball
1-0: Swinging Strike
1-1: Ball
2-1: Ball
3-1: Base on Balls
Michael Myers to third
Ricardo Guzmán to second
Batting: LHB Joe Baker 0-0: Called Strike
0-1: Ball
1-1: Ball
2-1: Foul Ball, location: 2F
2-2: Fielders Choice at 2nd, 6-4 (Groundball, 6)
Michael Myers scores
Ricardo Guzmán to third
Batting: RHB Larry Turner 0-0: Ball
1-0: Ball
2-0: Foul Ball, location: 2F
2-1: Fly out, F8 (Line Drive, 8LM)
Bottom of the 1st over - 1 run(s), 0 hit(s), 0 error(s), 2 left on base; Moose Jaw 0 - San Diego 1
TOP OF THE 2ND
Moose Jaw Ghostbusters batting - Pitching for San Diego Smashers : RHP Carlos Trujillo
Batting: LHB Will Vale 0-0: Fly out, F6 (Flyball, 6D)
Batting: RHB Juan Vázquez 0-0: Ball
1-0: Ball
2-0: Called Strike
2-1: Swinging Strike
2-2: Fly out, F8 (Flyball, 8LM)
Batting: RHB Nicholas Harris 0-0: Called Strike
0-1: Swinging Strike
0-2: Ball
1-2: SINGLE (Groundball, 6M) (infield hit)
Batting: SHB Martín Cruz 0-0: Called Strike
0-1: Ball
1-1: Called Strike
1-2: Ball
2-2: Ball
Nicholas Harris steals 2nd base
3-2: Strikes out swinging
Top of the 2nd over - 0 run(s), 1 hit(s), 0 error(s), 1 left on base; Moose Jaw 0 - San Diego 1
BOTTOM OF THE 2ND
San Diego Smashers batting - Pitching for Moose Jaw Ghostbusters : RHP Máximo Marín
Batting: RHB Marty Hendrickson 0-0: Ball
1-0: Ball
2-0: Ball
3-0: Called Strike
3-1: Base on Balls
Batting: RHB Manny Torrez 0-0: Called Strike
0-1: Swinging Strike
0-2: Ball
1-2: Foul Ball, location: 2F
1-2: SINGLE (Groundball, 6MD)
Marty Hendrickson to second
Batting: RHB Nate Atkinson 0-0: Called Strike
0-1: Foul Ball, location: 2F
0-2: Strikes out swinging
Batting: LHB Michael Myers 0-0: Called Strike
0-1: Foul Ball, location: 2F
0-2: Ball
1-2: Ball
2-2: Fielders Choice at 2nd, 3-6 (Groundball, 34)
Marty Hendrickson to third
Batting: LHB Jaime Icaza 0-0: Ball
1-0: Ball
2-0: Ball
3-0: Called Strike
3-1: Foul Ball, location: 2F
3-2: Strikes out swinging
Bottom of the 2nd over - 0 run(s), 1 hit(s), 0 error(s), 2 left on base; Moose Jaw 0 - San Diego 1
TOP OF THE 3RD
Moose Jaw Ghostbusters batting - Pitching for San Diego Smashers : RHP Carlos Trujillo
Batting: RHB Andrew Weatherly 0-0: Ball
1-0: Foul Ball, location: 2F
1-1: SINGLE (Groundball, 56D)
Batting: RHB Don Turner 0-0: Foul Ball, location: 2F
0-1: Ball
1-1: Ground out 4-3 (Groundball, 34)
Andrew Weatherly to second
Batting: LHB Dave Stewart 0-0: Swinging Strike
0-1: Called Strike
0-2: Ball
1-2: Foul Ball, location: 2F
1-2: Ball
2-2: Ball
3-2: Base on Balls
Batting: RHB John Major 0-0: Ball
1-0: Called Strike
1-1: Ball
2-1: 3-RUN HOME RUN (Flyball, 89XD), Distance : 417 ft
Batting: RHB Don Hooper 0-0: Ground out 6-3 (Groundball, 6)
Batting: LHB Will Vale 0-0: Ball
1-0: Foul Ball, location: 2F
1-1: Ball
2-1: Called Strike
2-2: Foul Ball, location: 2F
2-2: Strikes out looking
Top of the 3rd over - 3 run(s), 2 hit(s), 0 error(s), 0 left on base; Moose Jaw 3 - San Diego 1
BOTTOM OF THE 3RD
San Diego Smashers batting - Pitching for Moose Jaw Ghostbusters : RHP Máximo Marín
Batting: RHB Ricardo Guzmán 0-0: Ball
1-0: Ball
2-0: Called Strike
2-1: Swinging Strike
2-2: Strikes out swinging
Batting: LHB Ken Phillips 0-0: Ball
1-0: Called Strike
1-1: Foul Ball, location: 2F
1-2: Ball
2-2: Foul Ball, location: 2F
2-2: Strikes out swinging
Batting: LHB Joe Baker 0-0: Swinging Strike
0-1: Swinging Strike
0-2: Ball
1-2: Foul Ball, location: 2F
1-2: Strikes out swinging
Bottom of the 3rd over - 0 run(s), 0 hit(s), 0 error(s), 0 left on base; Moose Jaw 3 - San Diego 1
TOP OF THE 4TH
Moose Jaw Ghostbusters batting - Pitching for San Diego Smashers : RHP Carlos Trujillo
Batting: RHB Juan Vázquez 0-0: Called Strike
0-1: Ball
1-1: Fly out, F8 (Flyball, 89XD)
Batting: RHB Nicholas Harris 0-0: Ground out 6-3 (Groundball, 6)
Batting: SHB Martín Cruz 0-0: Ball
1-0: SINGLE (Line Drive, 56D)
Batting: RHB Andrew Weatherly 0-0: Called Strike
0-1: Ball
Martín Cruz is caught stealing 2nd base
Top of the 4th over - 0 run(s), 1 hit(s), 0 error(s), 0 left on base; Moose Jaw 3 - San Diego 1
BOTTOM OF THE 4TH
San Diego Smashers batting - Pitching for Moose Jaw Ghostbusters : RHP Máximo Marín
Batting: RHB Larry Turner 0-0: Called Strike
0-1: Ball
1-1: Called Strike
1-2: Strikes out swinging
Batting: RHB Marty Hendrickson 0-0: Ball
1-0: Called Strike
1-1: Ball
2-1: Swinging Strike
2-2: Strikes out swinging
Batting: RHB Manny Torrez 0-0: Ball
1-0: Ball
2-0: Called Strike
2-1: Ball
3-1: Base on Balls
Batting: RHB Nate Atkinson 0-0: Called Strike
0-1: Swinging Strike
0-2: Ball
1-2: Strikes out swinging
Bottom of the 4th over - 0 run(s), 0 hit(s), 0 error(s), 1 left on base; Moose Jaw 3 - San Diego 1
TOP OF THE 5TH
Moose Jaw Ghostbusters batting - Pitching for San Diego Smashers : RHP Carlos Trujillo
Batting: RHB Andrew Weatherly 0-0: Ball
1-0: Ball
2-0: Ball
3-0: Called Strike
3-1: Fly out, F9 (Flyball, 89M)
Batting: RHB Don Turner 0-0: Swinging Strike
0-1: Swinging Strike
0-2: Ball
1-2: Ball
2-2: Strikes out swinging
Batting: LHB Dave Stewart 0-0: Ball
1-0: SINGLE (Groundball, 34D)
Batting: RHB John Major 0-0: Swinging Strike
0-1: Foul Ball, location: 2F
0-2: Strikes out looking
Top of the 5th over - 0 run(s), 1 hit(s), 0 error(s), 1 left on base; Moose Jaw 3 - San Diego 1
BOTTOM OF THE 5TH
San Diego Smashers batting - Pitching for Moose Jaw Ghostbusters : RHP Máximo Marín
Pitching: RHP Whit Johnson
Batting: LHB Michael Myers 0-0: Ball
1-0: Foul Ball, location: 2F
1-1: Foul Ball, location: 2F
1-2: Ball
2-2: Foul Ball, location: 2F
2-2: SINGLE (Groundball, 6D)
Batting: LHB Jaime Icaza 0-0: Foul Ball, location: 2F
0-1: Foul Ball, location: 2F
0-2: Ball
1-2: Strikes out looking
Batting: RHB Ricardo Guzmán 0-0: Ball
1-0: SINGLE (Groundball, 3D)
Michael Myers to second
Runner from 2nd tries for 3rd, SAFE, throw made to third
Ricardo Guzmán to second
Batting: LHB Ken Phillips 0-0: Swinging Strike
0-1: Ball
1-1: Swinging Strike
1-2: Strikes out swinging
Batting: LHB Joe Baker 0-0: Called Strike
0-1: Swinging Strike
0-2: Fly out, F8 (Flyball, 8LM)
Bottom of the 5th over - 0 run(s), 2 hit(s), 0 error(s), 2 left on base; Moose Jaw 3 - San Diego 1
TOP OF THE 6TH
Moose Jaw Ghostbusters batting - Pitching for San Diego Smashers : RHP Carlos Trujillo
Batting: RHB Don Hooper 0-0: Foul Ball, location: 2F
0-1: Swinging Strike
0-2: Strikes out looking
Batting: LHB Will Vale 0-0: Called Strike
0-1: Ball
1-1: Ball
2-1: Called Strike
2-2: Ball
3-2: Strikes out swinging
Batting: RHB Juan Vázquez 0-0: Ball
1-0: Called Strike
1-1: Called Strike
1-2: Ball
2-2: SINGLE (Groundball, 56D)
Batting: RHB Nicholas Harris 0-0: Ball
1-0: Called Strike
1-1: Ball
Juan Vázquez steals 2nd base
2-1: SINGLE (Flyball, 7S)
Juan Vázquez to third
Runner from 3rd tries for Home, SAFE, no throw
Pitching: RHP Joe Shoemaker
Batting: SHB Martín Cruz 0-0: Ball
Nicholas Harris is caught stealing 2nd base
Top of the 6th over - 1 run(s), 2 hit(s), 0 error(s), 0 left on base; Moose Jaw 4 - San Diego 1
BOTTOM OF THE 6TH
San Diego Smashers batting - Pitching for Moose Jaw Ghostbusters : RHP Whit Johnson
Batting: RHB Larry Turner 0-0: Fly out, F9 (Flyball, 9S)
Batting: RHB Marty Hendrickson 0-0: Foul Ball, location: 2F
0-1: Fly out, F4 (Popup, 4D)
Batting: RHB Manny Torrez 0-0: Hit by Pitch
Batting: RHB Nate Atkinson 0-0: Called Strike
0-1: Ball
1-1: Ball
2-1: Fielders Choice at 2nd, 6-4 (Groundball, 6)
Bottom of the 6th over - 0 run(s), 0 hit(s), 0 error(s), 0 left on base; Moose Jaw 4 - San Diego 1
TOP OF THE 7TH
Moose Jaw Ghostbusters batting - Pitching for San Diego Smashers : RHP Joe Shoemaker
Batting: SHB Martín Cruz 0-0: Ground out 5-3 (Groundball, 5)
Batting: RHB Andrew Weatherly 0-0: Ball
1-0: Swinging Strike
1-1: Called Strike
1-2: Ball
2-2: Foul Ball, location: 2F
2-2: Foul Ball, location: 2F
2-2: Ball
3-2: Strikes out swinging
Batting: RHB Don Turner 0-0: Called Strike
0-1: Ball
1-1: Ball
2-1: Foul Ball, location: 2F
2-2: Ball
3-2: Foul Ball, location: 2F
3-2: SINGLE (Groundball, 6D)
Batting: LHB Dave Stewart 0-0: Called Strike
Don Turner steals 2nd base
0-1: Ball
1-1: Ball
2-1: Called Strike
2-2: Foul Ball, location: 2F
2-2: Fly out, F7 (Line Drive, 7)
Top of the 7th over - 0 run(s), 1 hit(s), 0 error(s), 1 left on base; Moose Jaw 4 - San Diego 1
BOTTOM OF THE 7TH
San Diego Smashers batting - Pitching for Moose Jaw Ghostbusters : RHP Whit Johnson
Batting: LHB Michael Myers 0-0: Ground out 4-3 (Groundball, 4)
Batting: LHB Jaime Icaza 0-0: Ball
1-0: Fly out, F9 (Flyball, 9D)
Batting: RHB Ricardo Guzmán 0-0: Ball
1-0: SINGLE (Groundball, 56D)
Batting: LHB Ken Phillips 0-0: Ball
Ricardo Guzmán is caught stealing 2nd base
Bottom of the 7th over - 0 run(s), 1 hit(s), 0 error(s), 0 left on base; Moose Jaw 4 - San Diego 1
TOP OF THE 8TH
Moose Jaw Ghostbusters batting - Pitching for San Diego Smashers : RHP Joe Shoemaker
Batting: RHB John Major 0-0: Swinging Strike
0-1: Ground out 1-3 (Groundball, P)
Batting: RHB Don Hooper 0-0: Called Strike
0-1: Ball
1-1: Called Strike
1-2: SINGLE (Groundball, 56D)
Batting: LHB Will Vale 0-0: SINGLE (Line Drive, 8RS)
Don Hooper to second
Batting: RHB Juan Vázquez 0-0: Fly out, F7 (Flyball, 7S)
Batting: RHB Nicholas Harris 0-0: Ball
1-0: Ball
2-0: Foul Ball, location: 2F
2-1: Fly out, F7 (Line Drive, 7D)
Top of the 8th over - 0 run(s), 2 hit(s), 0 error(s), 2 left on base; Moose Jaw 4 - San Diego 1
BOTTOM OF THE 8TH
San Diego Smashers batting - Pitching for Moose Jaw Ghostbusters : RHP Whit Johnson
Pitching: RHP Bill Jones
Batting: LHB Ken Phillips 0-0: Called Strike
0-1: Ground out 4-3 (Groundball, 4)
Batting: LHB Joe Baker 0-0: Ball
1-0: Ball
2-0: Called Strike
2-1: Ground out 1-3 (Groundball, 15S)
Batting: RHB Larry Turner 0-0: Called Strike
0-1: Ball
1-1: Called Strike
1-2: Strikes out looking
Bottom of the 8th over - 0 run(s), 0 hit(s), 0 error(s), 0 left on base; Moose Jaw 4 - San Diego 1
TOP OF THE 9TH
Moose Jaw Ghostbusters batting - Pitching for San Diego Smashers : RHP Joe Shoemaker
Batting: SHB Martín Cruz 0-0: Swinging Strike
0-1: Ball
1-1: Swinging Strike
1-2: Foul Ball, location: 2F
1-2: Fly out, F8 (Flyball, 8LXD)
Batting: RHB Andrew Weatherly 0-0: Foul Ball, location: 2F
0-1: Ball
1-1: Foul Ball, location: 2F
1-2: Foul Ball, location: 2F
1-2: Ball
2-2: Foul Ball, location: 2F
2-2: Foul Ball, location: 2F
2-2: Foul Ball, location: 2F
2-2: Strikes out swinging
Batting: RHB Don Turner 0-0: Ball
1-0: Ball
2-0: Foul Ball, location: 2F
2-1: Foul Ball, location: 2F
2-2: Strikes out swinging
Top of the 9th over - 0 run(s), 0 hit(s), 0 error(s), 0 left on base; Moose Jaw 4 - San Diego 1
BOTTOM OF THE 9TH
San Diego Smashers batting - Pitching for Moose Jaw Ghostbusters : RHP Bill Jones
Pitching: RHP Bennett Greer
Batting: RHB Marty Hendrickson 0-0: Swinging Strike
0-1: Foul Ball, location: 2F
0-2: Ball
1-2: Foul Ball, location: 2F
1-2: Strikes out swinging
Batting: RHB Manny Torrez 0-0: Ball
1-0: Bunt for hit - play at first, batter OUT! 5-3
Batting: RHB Nate Atkinson 0-0: Ball
1-0: Ball
2-0: Called Strike
2-1: Ball
3-1: Foul Ball, location: 2F
3-2: Base on Balls
Batting: LHB Michael Myers 0-0: Foul Ball, location: 2F
0-1: Foul Ball, location: 2F
0-2: Hit by Pitch
Nate Atkinson to second
Batting: LHB Jaime Icaza 0-0: SINGLE (Groundball, 34) (infield hit)
Nate Atkinson to third
Michael Myers to second
Batting: RHB Ricardo Guzmán 0-0: Called Strike
0-1: Foul Ball, location: 2F
0-2: Foul Ball, location: 2F
0-2: Ball
1-2: Ball
Wild Pitch!
Nate Atkinson scores
Michael Myers to third
Jaime Icaza to second
2-2: Ball
3-2: Foul Ball, location: 2F
3-2: Ground out 6-3 (Groundball, 6)
Bottom of the 9th over - 1 run(s), 1 hit(s), 0 error(s), 2 left on base; Moose Jaw 4 - San Diego 2
Thursday, March 30th, 2017 - OOTP Baseball 17.12 Build 75